 Dungeon Crawl Stone Soup version 0.29-a0-334-gb41bcbb86e (webtiles) character file.

Game seed: 797688902292609542

316 Lynx22330 the Ducker (level 6, -4/60 HPs)
             Began as a Djinni Fire Elementalist on Apr 13, 2022.
             Was a Believer of Ignis.
             Slain by a steam dragon (6 damage)
             ... on level 4 of the Dungeon.
             The game lasted 00:11:09 (5157 turns).

Lynx22330 the Ducker (Djinni Fire Elementalist)     Turns: 5157, Time: 00:11:10

Health: -4/60      AC: 23    Str:  8 (9)  XL:     6   Next: 73%
Gold:   132        EV:  2    Int: 12 (14) God:    Ignis [**....] SH:  0 Dex: 14 (16)

rFire   + + +      SeeInvis .   (no weapon)
rCold   x . .      Faith    .   (no shield)
rNeg    + . .      Spirit   .   (body armour currently unavailable)
rPois   ∞          Reflect  .   (helmet currently unavailable)
rElec   +          Harm     .   (cloak currently unavailable)
rCorr   .          Rampage  .   (gloves currently unavailable)
Will    .....      NoTele   +   (boots unavailable)
Stlth   ++........              j - amulet of the acrobat
HPRegen 0.20/turn               g - ring of fire
MPRegen 0.00/turn               m - ring "Debb" {rElec rF+++ rN+ Int-3 Dex+3}

@: tree-form, very slightly contaminated
A: stationary, stasis, torment immunity, boosted hp, sickness immunity, (fire
resistance 2), (cold vulnerability 1), float, innate caster, HP casting, extra
vitality 1
a: Renounce Religion, Fiery Armour, Foxfire Swarm


You were on level 4 of the Dungeon.
You worshipped Ignis.
Ignis was pleased with you.
You were a tree.
You visited 1 branch of the dungeon, and saw 4 of its levels.

You collected 132 gold pieces.

Inventory:

Armour
 a - a +0 robe (melded)
 c - a +2 buckler
 p - a +0 helmet of see invisible
Jewellery
 g - a ring of fire (left branch)
 j - an amulet of the acrobat (around neck)
 m - the ring "Debb" (right branch) {rElec rF+++ rN+ Int-3 Dex+3}
   (You found it on level 3 of the Dungeon)

   [ring of positive energy]

   Int:       It affects your intelligence (-3).
   Dex:       It affects your dexterity (+3).
   rF:        It renders you almost immune to fire.
   rElec:     It insulates you from electricity.
   rN:        It protects you from negative energy.
 o - a +6 ring of intelligence
Scrolls
 b - 4 scrolls of teleportation {unknown}
 d - a scroll of immolation {unknown}
 e - a scroll of silence {unknown}
 f - 3 scrolls of identify
 h - 2 scrolls of holy word {unknown}
 k - 2 scrolls of amnesia {unknown}
 l - a scroll of enchant weapon {unknown}
 q - a scroll of noise {unknown}
 s - a scroll of fog {unknown}


   Skills:
 + Level 4.3 Dodging
 + Level 3.4 Stealth
 * Level 3.9 Spellcasting


You couldn't memorise any spells.
You knew the following spells:

 Your Spells              Type           Power      Damage    Failure   Level
a - Foxfire               Conj/Fire      68%        2x1d7     4%          1
b - Scorch                Fire           34%        2d7       7%          2
c - Conjure Flame         Conj/Fire      17%        6-21      13%         3
d - Inner Flame           Hex/Fire       17%        N/A       13%         3
e - Flame Wave            Conj/Fire      17%        2d6       41%         4
f - Summon Small Mammal   Summ           44%        N/A       4%          1
g - Wereblood             Tmut           11%        N/A       7%          2
Your spell library was empty.

Dungeon Overview and Level Annotations

Branches:
Dungeon (4/15)
 Temple: D:4-7

Altars:
Ashenzari
Ignis

Annotations:
D:3 1 runed translucent door, Crazy Yiuf


Innate Abilities, Weirdness & Mutations

You are a tree.
Your roots penetrate the ground, keeping you stationary.
You cannot be teleported.
You are immune to unholy pain and torment.
Your maximum health is greatly increased.
Your equipment is partially melded.
You are immune to sickness and miasma.
You are immune to poison.
((Your flesh is very heat resistant. (rF++)))
((You are vulnerable to cold. (rC-)))
You float through the air rather than walking.
You learn spells naturally, not from books.
Your magical power is your life essence.
You have superior vitality. (+4 MHP)


Message History

You are too injured to fight recklessly!
You are too injured to fight recklessly!
Casting: Conjure Flame (dangerous; 12% risk of failure)
Confirm with . or Enter, or press ? or * to list all spells.
You feel a surge of power!
You miscast Conjure Flame.
Nothing appears to happen.
The steam dragon misses you. The steam dragon completely misses you.
The steam dragon attacks as you move away!
The steam dragon closely misses you. The steam dragon claws you.
* * * LOW HITPOINT WARNING * * *
Casting: Conjure Flame (dangerous; 12% risk of failure)
Confirm with . or Enter, or press ? or * to list all spells.
You feel a surge of power!
Flames lash the steam dragon but do no damage.
* * * LOW HITPOINT WARNING * * *
The steam dragon is no longer more vulnerable to fire.
The steam dragon breathes steam at you. The ball of steam hits you. You resist.
* * * LOW HITPOINT WARNING * * *
It was a potion of curing.
You feel better. The steam dragon bites you.
* * * LOW HITPOINT WARNING * * *
The steam dragon claws you but does no damage.
It was a potion of magic.
Magic washes over you without effect. The steam dragon bites you.
* * * LOW HITPOINT WARNING * * *
The steam dragon barely misses you.
It was a potion of lignification.
You turn into a tree.
Your +0 robe melds into your body.
Your roots penetrate the ground.
The steam dragon breathes steam at you.
The ball of steam hits you but does no damage.
You resist.
It was a potion of degeneration.
There was something very wrong with that liquid.
You feel weakened.
You feel dopey.
You feel clumsy. The steam dragon breathes steam at you.
The ball of steam hits you but does no damage.
Activating: Foxfire Swarm
Press: ? - help, Dir - look around, f - activate Flames leap up around you!
The steam dragon bites you.
You die...

#.##.##.##...
............##..
......#........ ##
#..........?.. .8#
#............. ..##
#.vvvvv......#
..8#.
#.vvvvv.......
.##.##.vv♣Dv......#
#..§.vvvvv..####
#....vvvvv..#
##..<.##....#
##..####....# ####
##.### .# ##


You could see a steam dragon (catching breath, ally target).

Vanquished Creatures
  An ogre (D:3)
  A necrophage (D:3)
  A scorpion (D:2)
  Robin (D:3)
  2 adders (D:3)
  3 worms (D:2)
  4 orcs (D:3)
  A ball python (D:2)
  2 bats (D:3)
  4 endoplasms
  4 giant cockroaches
  22 goblins
  8 hobgoblins
  3 quokkas
  3 frilled lizards
  4 kobolds
  4 rats
68 creatures vanquished.

Vanquished Creatures (others)
  318 foxfires
  3 fungi (D:3)
321 creatures vanquished.

Grand Total: 389 creatures vanquished

Notes
Turn   | Place    | Note
-------+----------+-------------------------------------------
     0 | D:1      | Lynx22330 the Djinni Fire Elementalist began the quest for
                  | the Orb.
     0 | D:1      | Reached XP level 1. HP: 15/15 MP: 0/0
   465 | D:1      | Found a faded altar of an unknown god.
   472 | D:1      | Prayed at the altar of an unknown god.
   472 | D:1      | Became a worshipper of Ignis, the Dying Flame
   507 | D:1      | Reached XP level 2. HP: 18/21 MP: 0/0
  1576 | D:2      | Reached XP level 3. HP: 22/25 MP: 0/0
  1576 | D:2      | Learned a level 1 spell: Summon Small Mammal
  2552 | D:2      | You are sucked into a shaft and drop 1 floor!
  2661 | D:3      | Identified the ring "Debb" {rElec rF+++ rN+ Int-3 Dex+3}
  2695 | D:3      | Noticed Robin
  2698 | D:3      | Reached skill level 3 in Dodging
  2713 | D:3      | Reached XP level 4. HP: 8/31 MP: 0/0
  3161 | D:2      | Noticed a scorpion
  3185 | D:2      | Killed a scorpion
  3186 | D:2      | Reached XP level 5. HP: 6/35 MP: 0/0
  3186 | D:2      | Learned a level 2 spell: Wereblood
  3784 | D:3      | Killed Robin
  4061 | D:3      | Found a runed translucent door.
  4138 | D:3      | Found a broken altar of Ashenzari.
  4481 | D:3      | Noticed Crazy Yiuf
  4636 | D:3      | Reached skill level 4 in Dodging
  4636 | D:3      | Reached XP level 6. HP: 27/40 MP: 0/0
  4737 | D:3      | Noticed an ogre
  4775 | D:3      | Killed an ogre
  5137 | D:4      | Noticed a steam dragon
  5152 | D:4      | HP: 2/40 [steam dragon/ball of steam (5)]
  5157 | D:4      | Slain by a steam dragon

Illustrated notes

Levels and vault maps discovered:
D:1:      lightli_arrival_flooded_house, layout_basic, serial_curves,
          eino_curves_03, eino_curves_03, dilly_ecumenical_altar_fadedgnrine,
          chequers_decorated_corner, minmay_box_of_dots
D:2:      layout_basic
D:3:      layout_basic, lemuel_round_altar, mrwooster_statue_mirror,
          minmay_ogre_servants, uniq_crazy_yiuf_cottage, uniq_robin
D:4:      layout_cave_pools, nicolae_overflow_hidden_temple,
          minmay_temple_entry_large_hall

Skill      XL: |  1  2  3  4  5 |
---------------+----------------+-----
Stealth        | 2 3 |  3.4
Dodging        | 3 4 |  4.3
Spellcasting   | 3 |  3.9

Action                   |  1- 3 |  4- 6 || total
-------------------------+-------+-------++-------
Melee: Unarmed           |    15 |     6 ||    21
 Cast: Foxfire           |    79 |   103 ||   182
       Scorch            |     1 |     5 ||     6
       Summon Small Mamm |       |     1 ||     1
Invok: Foxfire Swarm     |     1 |     3 ||     4
       Fiery Armour      |     1 |       ||     1
       Rising Flame      |       |     1 ||     1
  Use: Scroll            |     1 |       ||     1
       Potion            |       |     4 ||     4
Armor: Robe              |    11 |     7 ||    18
       Skin              |       |     1 ||     1
Dodge: Dodged            |    38 |    43 ||    81

Table legend: (Time is in decaauts)
 A = Elapsed time spent in this place.
 B = Non-inter-level travel time spent in this place.
 C = Inter-level travel time spent in this place.
 D = Time resting spent in this place.
 E = Time spent auto-exploring this place.
 F = Levels seen in this place.
 G = Mean time per level.
                   A        B        C        D        E       F      G
               +--------+--------+--------+--------+--------+-----+--------+
         Total |   5156 |   5038 |    118 |      0 |   4503 |   4 | 1289.0 |
       Dungeon |   5156 |   5038 |    118 |      0 |   4503 |   4 | 1289.0 |
               +--------+--------+--------+--------+--------+-----+--------+

Top non-repeatable levels by time:
     D:2: 2113 daAuts
     D:3: 1741 daAuts
     D:1: 1277 daAuts
     D:4: 24 daAuts
